[Event "USA-ch Women 2024"]
[Site "Saint Louis"]
[Date "2024.10.14"]
[Round "4.1"]
[White "Tokhirjonova, Gulrukhbegim"]
[Black "Zatonskih, Anna"]
[Result "1-0"]
[ECO "C13"]
[WhiteElo "2374"]
[BlackElo "2312"]
[Annotator "RC"]
[PlyCount "123"]
[EventDate "2024.10.09"]
[EventType "tourn"]
[EventCountry "USA"]
[SourceTitle "playchess.com"]
[Source "ChessBase"]
[SourceQuality "1"]
[TimeControl "40/5400+30:1800+30"]

1. e4 e6 2. d4 d5 3. Nc3 Nf6 4. Bg5 dxe4 5. Nxe4 Be7 6. Bxf6 gxf6 7. Nc3 Nc6 8. Nf3 Nb4 9. Bc4 c6 10. Qd2 Qa5 11. O-O Qf5 12. a3 Rg8 13. Ne1 Nd5 14. Nxd5 cxd5 15. Bd3 Qh5 16. Rc1 Bd7 17. f4 O-O-O 18. Rf3 Kb8 19. Qf2 Bd6 20. Be2 Qh6 21. Rd1 Rg6 22. g3 e5 23. fxe5 fxe5 24. dxe5 Bc7 25. Rb3 Ba4 26. Rb4 Bb6 27. Rxb6 Rxb6 28. Rd4 Be8 29. Nd3 Qd2 30. c4 Bc6 31. b4 Re8 32. c5 Ra6 33. Ne1 Qc1 34. Bxa6 bxa6 35. Kg2 Qxa3 36. Qxf7 Qe3 37. Nf3 Qe2+ 38. Kh3 Qe3 39. Qf4 Qe2 40. Rd2 Qe4 41. Rd4 Qe2 42. g4 Qf2 43. Rd2 Qf1+ 44. Kg3 d4 45. Nxd4 Qe1+ 46. Rf2 Bd5 47. e6+ Ka8 48. Kh3 h5 49. gxh5 Qc3+ 50. Kh4 Qxb4 51. Qe5 Qxc5 52. h6 Rxe6 53. Rf8+ Qxf8 54. Qxd5+ Kb8 55. Qxe6 Qf4+ 56. Kh5 Qxd4 57. h7 Qd1+ 58. Kg6 Qc2+ 59. Kg7 Qg2+ 60. Qg6 Qb2+ 61. Qf6 Qb7+ 62. Kh6 1-0

[Event "USA-ch Women 2024"]
[Site "Saint Louis"]
[Date "2024.10.14"]
[Round "4.2"]
[White "Yu, Jennifer"]
[Black "Cervantes Landeiro, Thalia"]
[Result "0-1"]
[ECO "D02"]
[WhiteElo "2267"]
[BlackElo "2302"]
[Annotator "RC"]
[PlyCount "80"]
[EventDate "2024.10.09"]
[EventType "tourn"]
[EventCountry "USA"]
[SourceTitle "playchess.com"]
[Source "ChessBase"]
[SourceQuality "1"]
[TimeControl "40/5400+30:1800+30"]

1. d4 d5 2. Bf4 Nf6 3. e3 e6 4. Nd2 Bd6 5. Bg3 c5 6. Ngf3 Nc6 7. c3 O-O 8. Bd3 b6 9. Ne5 Qc7 10. f4 Nd7 11. O-O f5 12. Bh4 Nf6 13. h3 Ne4 14. Rc1 Nxe5 15. dxe5 Be7 16. Bxe7 Qxe7 17. Nxe4 fxe4 18. Be2 Bb7 19. Qe1 Rad8 20. Rd1 Bc6 21. g4 b5 22. b4 a5 23. bxc5 Qxc5 24. Rd4 Bd7 25. Qd2 Rc8 26. a4 Qxc3 27. Bxb5 Bxb5 28. axb5 Qb3 29. Rf2 Rc3 30. Re2 Rfc8 31. Kf2 Rd3 32. Qb2 Rxe3 33. Qxb3 Rxb3 34. f5 Rxb5 35. fxe6 Kf8 36. Red2 Rcc5 37. Ke3 Ke7 38. Kf4 Kxe6 39. Ra4 Rb8 40. Rda2 Rf8+ 0-1

[Event "USA-ch Women 2024"]
[Site "Saint Louis"]
[Date "2024.10.14"]
[Round "4.3"]
[White "Abrahamyan, Tatev"]
[Black "Lee, Megan"]
[Result "0-1"]
[ECO "C55"]
[WhiteElo "2327"]
[BlackElo "2253"]
[Annotator "RC"]
[PlyCount "84"]
[EventDate "2024.10.09"]
[EventType "tourn"]
[EventCountry "USA"]
[SourceTitle "playchess.com"]
[Source "ChessBase"]
[SourceQuality "1"]
[TimeControl "40/5400+30:1800+30"]

1. e4 e5 2. Nf3 Nc6 3. Bc4 Nf6 4. d3 Be7 5. O-O O-O 6. Re1 d6 7. a4 Na5 8. Ba2 c5 9. c3 Nc6 10. h3 Be6 11. Bxe6 fxe6 12. Na3 Rc8 13. Rb1 Qe8 14. Nc4 Qg6 15. b4 cxb4 16. cxb4 Nh5 17. b5 Nd8 18. Rb2 b6 19. a5 bxa5 20. Be3 Nb7 21. b6 a6 22. Kh2 Nf4 23. Bxf4 Rxf4 24. Re3 Qe8 25. Qd2 Rc5 26. Re1 g5 27. Ra1 a4 28. Qd1 d5 29. exd5 e4 30. Nd4 exd5 31. Ne3 Bf6 32. Rxa4 exd3 33. Ng4 Bg7 34. Rd2 h5 35. Rxa6 Bxd4 36. Rxd3 hxg4 37. Rxd4 Qe5 38. Rd2 Ra4+ 39. g3 Rxa6 40. Re2 Qf6 41. Re8+ Kf7 42. Qe2 Ra2 0-1

[Event "USA-ch Women 2024"]
[Site "Saint Louis"]
[Date "2024.10.14"]
[Round "4.4"]
[White "Lee, Alice"]
[Black "Atwell, Rose"]
[Result "1/2-1/2"]
[ECO "D87"]
[WhiteElo "2395"]
[BlackElo "2185"]
[Annotator "TA"]
[PlyCount "96"]
[EventDate "2024.10.09"]
[EventType "tourn"]
[EventCountry "USA"]
[SourceTitle "playchess.com"]
[Source "ChessBase"]
[SourceQuality "1"]
[TimeControl "40/5400+30:1800+30"]

1. d4 Nf6 2. c4 g6 3. Nc3 d5 4. cxd5 Nxd5 5. e4 Nxc3 6. bxc3 Bg7 7. Bc4 c5 8. Ne2 O-O 9. O-O Nc6 10. Be3 Bg4 11. f3 Bd7 12. Rc1 Rc8 13. Qd2 Qa5 14. d5 Ne5 15. Bb3 c4 16. Bc2 e6 17. Nf4 Rfd8 18. Bd4 exd5 19. exd5 Re8 (19... Qxa2 $2 20. Nh5 gxh5 21. Ra1 $18 (21. Bxh7+ Kxh7 22. Qxa2 Rg8 $18) (21. Bxh7+ Kxh7 22. Qxa2 Nd3 $18)) 20. Qf2 Ba4 (20... Qxa2 $2 21. Ra1 (21. Bxa7 Ba4 $15) 21... Qb2 22. Rfb1 $18 (22. Rxa7 Nd3 $14) (22. Rxa7 Nd3 $11)) 21. Bb1 Qa6 22. Rce1 Bb5 23. Ne6 fxe6 24. Bxe5 Bf8 (24... exd5 $11 25. Bxg7 Kxg7) 25. dxe6 {[%emt 0:02:48] White is more active.} ({Better is} 25. d6 $16 Qb6 26. Qxb6 axb6 27. Be4) 25... Rxe6 26. Bd4 Rce8 27. Rxe6 (27. Bxa7 $2 Rxe1 28. Rxe1 Rxe1+ 29. Qxe1 Qxa7+ $19) 27... Rxe6 28. f4 {[%emt 0:03:32][%cal Bf3f4,Bf4f5][%mdl 32] [#] Threatens to win with f5!} (28. Bxa7 $2 b6 29. Qb2 Ba3 $19) 28... Bg7 $1 29. f5 Bxd4 30. cxd4 (30. Qxd4 $14 Rd6 31. Qe5 Qb6+ 32. Kh1) 30... Rf6 $11 31. g4 c3 32. Re1 gxf5 33. Bxf5 {[%emt 0:06:09] [#] g5 is the strong threat.} Bd7 34. Re7 Qd6 35. Bxh7+ (35. Rxd7 $2 {too greedy.} Qxd7 36. Bxh7+ (36. Bxd7 $2 Rxf2 37. Be6+ Kh8 $19) 36... Kg7 $19 (36... Kxh7 37. Qxf6 Qxg4+ 38. Kf2 $17)) (35. Re3 $1 $11 {remains equal.}) 35... Kh8 (35... Kf8 $17 36. Rxd7 Qe6 37. Rd8+ (37. Rxb7 $2 {perishes.} Qxg4+ 38. Kf1 Qh3+ 39. Kg1 Rxf2 $19) 37... Ke7) 36. Rxd7 $1 {[%emt 0:02:23] The position is equal.} Qxd7 37. Qxf6+ Kxh7 {[%emt 0:00:03][%mdl 4096] Endgame. KQ-KQ} 38. g5 Qg4+ 39. Kf2 Qh4+ 40. Ke3 Qh3+ 41. Ke4 {[%emt 0:02:46] Threatening mate with g6+.} Qg2+ 42. Ke5 {[%emt 0:09:52] Black must now prevent d5.} Qxh2+ 43. Ke6 {[%emt 0:01:19] Intending g6+ and mate.} Qe2+ 44. Kd7 {[%emt 0:04:03] Hoping for Qf7+.} Qb5+ 45. Ke7 Qb4+ 46. Kd7 Qb5+ 47. Ke7 Qb4+ 48. Kd7 Qb5+ {[%emt 0:02:41] Weighted Error Value: White=0.11 (very precise) /Black=0.11 (very precise) .  Mistake:       	White=3     	Black=2      Inaccurate:     	White=1     	Black=2      OK:         	White=16    	Black=13     Best:        	White=2     	Black=4      Strong:       	White=1     	Black=1} 1/2-1/2

[Event "USA-ch Women 2024"]
[Site "Saint Louis"]
[Date "2024.10.14"]
[Round "4.5"]
[White "Krush, Irina"]
[Black "Yip, Carissa"]
[Result "0-1"]
[ECO "A40"]
[WhiteElo "2388"]
[BlackElo "2418"]
[Annotator "TA"]
[PlyCount "108"]
[EventDate "2024.10.09"]
[EventType "tourn"]
[EventCountry "USA"]
[SourceTitle "playchess.com"]
[Source "ChessBase"]
[SourceQuality "1"]
[TimeControl "40/5400+30:1800+30"]

1. c4 g6 2. Nc3 Bg7 3. d4 c5 4. d5 Bxc3+ 5. bxc3 e5 6. e4 {[%emt 0:01:07] A40: Unusual replies to 1 d4.} d6 7. Bd3 Nd7 8. Ne2 Qe7 9. O-O h5 10. a4 $146 ({Predecessor:} 10. h3 Nh6 11. f4 f6 12. f5 g5 13. Ng3 h4 14. Nh5 Kd8 15. g3 hxg3 16. Kg2 {0-1 Gorshtein,I (2563)-Kazhgaleyev,M (2458) Aix en Provence Dole op 2nd 2024 (6)}) 10... a5 11. Rb1 Kd8 12. Be3 Kc7 13. Rb5 h4 14. Qd2 Ra6 15. Qb2 g5 16. Rb1 b6 17. f3 f6 18. Nc1 Qg7 19. Nb3 Ne7 20. Be2 (20. h3 {is interesting.} Ng6 21. Qc2 Nf4 22. Rb2) 20... Kd8 (20... h3 $14) 21. Bf2 Ng6 22. Nd2 Kc7 23. Nf1 Ne7 24. Ne3 Qh7 25. Kf1 (25. h3 $16) 25... f5 $11 26. exf5 Nxf5 27. Ng4 (27. Qd2 $11 {keeps the balance.}) 27... h3 $1 $17 28. g3 Rf8 29. Kg1 {[%emt 0:03:11] [#]} Ne7 ({Black should play} 29... e4 $1 $17 {And now ...Nh6 would win.} 30. Qc2 (30. fxe4 $2 Nxg3 31. Bd3 Nxe4 $19) 30... exf3 31. Bxf3 Ra8) 30. Be3 $11 Qg6 31. Nf2 e4 $2 (31... Nf5 $11 {and Black is okay.} 32. Bd3 Qg7) 32. fxe4 $2 (32. Nxe4 $18 g4 33. Bd3 (33. Bf4 $2 Rxf4 34. gxf4 gxf3+ 35. Ng5 fxe2 $19)) 32... Rxf2 $1 $11 33. Kxf2 Qxe4 34. Bxg5 (34. Rg1 $1 $11) 34... Qg2+ (34... Ng6 $1 $15 35. Qd2 (35. Bf3 $2 Qf5 $19) 35... Nde5) 35. Ke1 $11 Qxh2 36. Bxe7 Qxg3+ 37. Kd2 Qf4+ 38. Kc2 Qe4+ 39. Kb3 $1 Qxe7 40. Ka3 Qh4 41. Bd3 Qg3 42. Bf1 $1 Qh4 43. Bd3 Ne5 44. Rxb6 Nxd3 45. Qb5 Nb4 $1 46. Rxa6 $4 (46. Rf1 $11 Nc2+ (46... Rxb6 47. Rf7+ Kd8 48. Rf8+ Kc7 49. Rf7+ Kd8 50. Rf8+ Kc7 51. Rf7+ $11) (46... Qe7 47. Rb8 $11) 47. Ka2 Nb4+ (47... Rxb6 48. Rf7+ Kd8 49. Rf8+ Kc7 50. Rf7+ Kd8 51. Rf8+ Kc7 52. Rf7+ $11) 48. Ka3 (48. cxb4 Rxb6 49. Rf7+ Kd8 $11) 48... Rxb6 (48... Nc2+ 49. Ka2 $11) (48... Qe7 49. Rb8 $11) 49. Rf7+ Kd8 50. Rf8+ Kc7 51. Rf7+ Kd8 52. Rf8+ Kc7 53. Rf7+) 46... Bxa6 $19 (46... Nxa6 $2 {too greedy.} 47. Qc6+ Kd8 48. Qxd6+ Bd7 49. Qxa6 $18) 47. Qxa5+ Kd7 48. cxb4 {[%emt 0:00:38] [#]} Qg3+ $1 (48... cxb4+ 49. Qxb4 Qd4 50. c5 Qe3+ 51. Ka2 Qe2+ 52. Ka1 Qe5+ 53. Qb2 Qxb2+ 54. Kxb2 $18) 49. Kb2 $2 (49. Rb3 $19 Qe1 50. Rxh3 (50. Qxa6 $2 Qa1#) 50... Qc1+ 51. Ka2 Bxc4+ 52. Rb3 Qc2+ (52... Bxb3+ 53. Kxb3 c4+ 54. Ka2 $11) 53. Ka1 Qd1+ (53... Qxb3 54. Qa7+ Ke8 55. Qb8+ Kd7 56. Qb7+ Kd8 57. Qb8+ Ke7 58. Qc7+ Kf6 59. Qxd6+ Kg5 60. Qe5+ Kh4 61. Qf6+ Kh3 62. Qh8+ Kg4 63. Qg7+ Kf3 64. Qf6+ Kg3 65. Qe5+ Kh3 66. Qh8+ Kg4 67. Qg7+ Kf3 68. Qf6+ Ke4 69. Qg6+ Kf3 70. Qf6+ $11) 54. Rb1 Qd4+ 55. Rb2 Qg1+ 56. Rb1) 49... Qe5+ 50. Kc2 Qe2+ 51. Kc3 Qxc4+ 52. Kb2 Qd4+ 53. Kc1 Qc3+ 54. Kd1 h2 0-1

[Event "USA-ch Women 2024"]
[Site "Saint Louis"]
[Date "2024.10.14"]
[Round "4.6"]
[White "Paikidze, Nazi"]
[Black "Pourkashiyan, Atousa"]
[Result "1/2-1/2"]
[ECO "B23"]
[WhiteElo "2314"]
[BlackElo "2269"]
[Annotator "RC"]
[PlyCount "89"]
[EventDate "2024.10.09"]
[EventType "tourn"]
[EventCountry "USA"]
[SourceTitle "playchess.com"]
[Source "ChessBase"]
[SourceQuality "1"]
[TimeControl "40/5400+30:1800+30"]

1. e4 c5 2. Nc3 a6 3. g3 b5 4. Bg2 Bb7 5. d3 d6 6. f4 g6 7. Nf3 Bg7 8. O-O b4 9. Ne2 e5 10. fxe5 dxe5 11. Be3 Nd7 12. c3 Ngf6 13. cxb4 cxb4 14. Qa4 O-O 15. Qxb4 Ng4 16. Bg5 Qb8 17. h3 Qa7+ 18. Kh1 Nf2+ 19. Rxf2 Qxf2 20. Qxb7 Qxe2 21. Qxd7 Qxb2 22. Rf1 Qxa2 23. Be7 Rfb8 24. Ng5 Rb1 25. Rxb1 Qxb1+ 26. Kh2 Qb3 27. Qc6 Rb8 28. Qxa6 h6 29. Nf3 Qc2 30. Qc4 Qe2 31. Bb4 Ra8 32. Ng1 Qf2 33. Qc5 Qb2 34. Qc3 Qb1 35. Nf3 Ra2 36. Nd2 Qd1 37. Ba5 Rc2 38. Qb4 Qe2 39. Qb3 Rxd2 40. Bxd2 Qxd2 41. Qb8+ Kh7 42. Qa7 Kg8 43. Qb8+ Kh7 44. Qa7 Kg8 45. Qb8+ 1/2-1/2